 Dungeon Crawl Stone Soup version 0.25-a0-566-g062765be81 (webtiles) character file.

Game seed: 8584276848253323565, levelgen mode: deterministic

21 Flugslaktarn the Shield-Bearer (level 2, -11/27 HPs)
             Began as a Deep Dwarf Fighter on Feb 27, 2020.
             Killed from afar by Ijyb (12 damage)
             ... with a bolt of acid
             ... on level 3 of the Dungeon.
             The game lasted 00:00:25 (399 turns).

Flugslaktarn the Shield-Bearer (Deep Dwarf Fighter)  Turns: 399, Time: 00:00:26

Health: -11/27     AC: 10    Str: 19    XL:     2   Next: 65%
Magic:  2/2        EV:  5    Int:  8    God:
Gold:   83         SH:  9    Dex: 12    Spells: 1/1 levels left

rFire    . . .     SeeInvis .   a - +0 war axe
rCold    . . .     Gourm    .   c - +0 kite shield
rNeg     . . .     Faith    .   m - +0 chain mail
rPois    .         Spirit   .   (no helmet)
rElec    .         Reflect  .   i - +0 cloak
rCorr    .         Harm     .   (no gloves)
MR       .....                  (no boots)
Stlth    ..........             (no amulet)
HPRegen  0.00/turn              (no ring)
MPRegen  0.08/turn              (no ring)

@: non-regenerating
A: damage resistance, heal wounds, sense surroundings 1, no regeneration
a: Heal Wounds


You were on level 3 of the Dungeon.
You were not hungry.

You visited 1 branch of the dungeon, and saw 3 of its levels.

You collected 83 gold pieces.

Inventory:

Hand Weapons
 a - a +0 war axe (weapon)
Armour
 b - a +0 scale mail
 c - a +0 kite shield (worn)
 i - a +0 cloak (worn)
   (You found it on level 1 of the Dungeon)
 m - a +0 chain mail (worn)
   (You found it on level 2 of the Dungeon)
Jewellery
 n - an uncursed ring of flight {unknown}
   (You found it on level 3 of the Dungeon)
Scrolls
 f - a scroll of fog {unknown}
 h - a scroll of teleportation {unknown}
 j - a scroll of immolation {unknown}
 l - a scroll of enchant armour {unknown}
Potions
 d - a potion of might
 g - a potion of mutation {unknown}
Comestibles
 e - 3 rations
 k - 9 chunks of flesh


   Skills:
 + Level 2.9 Fighting
 * Level 2.8 Axes
 + Level 3.5 Armour
 + Level 3.5 Shields


You had one spell level left.
You didn't know any spells.
Your spell library was empty.

Dungeon Overview and Level Annotations

Branches:
Dungeon (3/15)

Altars:
Okawaru

Annotations:
D:3 Ijyb


Innate Abilities, Weirdness & Mutations

You are resistant to damage.
You can heal yourself by infusing magical energy.
You passively map a small area around you.
You do not regenerate.


Message History

You hit Ijyb.
Ijyb is heavily wounded.
Ijyb barely misses you.
You slash Ijyb!
Ijyb is severely wounded.
Ijyb hits you but does no damage. Ijyb completely misses you.
Ijyb is nearby!
You hit Ijyb but do no damage.
Ijyb is severely wounded.
Ijyb zaps a wand.
The bolt of acid hits you!
You are splashed with acid!
Ouch! That really hurt!
* * * LOW HITPOINT WARNING * * *
You are too injured to fight recklessly!
You are too injured to fight recklessly!
You are too injured to fight recklessly!
You are too injured to fight recklessly!
You are too injured to fight recklessly!
Unknown command.
You fail to use your ability.
Ijyb zaps a wand.
The bolt of acid hits you!
You die...

, .# *, , * #.####
#........ , #....#
#........ , * #....#
#......!. , ,
####+#....+,#........
,
#.........###........
#....................
#...)....#...........
####+#.###.).@g......
,
##...#.##...#........
#....#÷##............,
, ,
##...#...............
#..............##....
, 8
##...#..[......#*....
#...#.........# ...
#...#....÷.<..# ..
,#...#.........# ,


You could see Ijyb.

Vanquished Creatures
  An adder (D:3)
  2 leopard geckos (D:2)
  An orc (D:3)
  2 goblins
  2 ball pythons
  A frilled lizard (D:2)
  A rat (D:3)
10 creatures vanquished.

Notes
Turn   | Place    | Note
-------+----------+-------------------------------------------
     0 | D:1      | Flugslaktarn the Deep Dwarf Fighter began the quest for the
                  | Orb.
     0 | D:1      | Reached XP level 1. HP: 20/20 MP: 1/1
   212 | D:2      | Found an iron altar of Okawaru.
   326 | D:2      | Found a faded altar of an unknown god.
   365 | D:3      | Reached XP level 2. HP: 21/27 MP: 2/2
   387 | D:3      | Noticed Ijyb
   398 | D:3      | HP: 1/27 [acid (15)]
   399 | D:3      | Killed from afar by Ijyb

Levels and vault maps discovered:
D:1:      sevenhm_arrival_forest_fort_small_3, layout_rooms,
          chequers_mini_garden
D:2:      layout_rooms, lemuel_crystal_altar, serial_corexii_hall,
          corexii_hall_statues_u, corexii_hall_statues_i,
          corexii_hall_statues_l, corexii_hall_statues_i,
          chequers_ecumenical_altar_island, uniq_robin
D:3:      layout_basic, nicolae_overflow_hidden_temple, uniq_sigmund, uniq_ijyb

Action                   || total
-------------------------++-------
Melee: War axe           ||    49
Armor: Scale mail        ||    10
       Chain mail        ||    14
Dodge: Dodged            ||     9
Block: Kite shield       ||    28

Table legend:
 A = Non-vault XP
 B = Vault XP
 C = Vault XP percentage of total XP
 D = Non-vault monster count
 E = Vault monster count
 F = Vault count percentage of total count
                 A         B        C        D         E       F
            +---------+---------+-------+---------+---------+-------
      Total |      31 |       0 |   0.0 |      10 |       0 |   0.0
            +---------+---------+-------+---------+---------+-------
        D:1 |       1 |       0 |   0.0 |       1 |       0 |   0.0
        D:2 |       9 |       0 |   0.0 |       4 |       0 |   0.0
        D:3 |      21 |       0 |   0.0 |       5 |       0 |   0.0
            +---------+---------+-------+---------+---------+-------
